 Dungeon Crawl Stone Soup version 0.19-a0-1608-g4cf22de (webtiles) character file.

35 4thArraOfDagon the Firebug (level 3, 0/19 HPs)
             Began as a Deep Elf Fire Elementalist on Sept 17, 2016.
             Slain by a centaur (8 damage)
             ... on level 5 of the Dungeon.
             The game lasted 00:02:30 (389 turns).

4thArraOfDagon the Firebug (DEFE)                    Turns: 389, Time: 00:02:31

Health: 0/19       AC:  3    Str:  5    XL:     3   Next: 17%
Magic:  3/9        EV: 13    Int: 20    God:
Gold:   28         SH:  0    Dex: 15    Spells: 1 memorised, 7 levels left

rFire  . . .     SeeInvis .     e - +0 dagger
rCold  + . .     Gourm    .     a - +1 robe
rNeg   . . .     Faith    .     (no shield)
rPois  .         Spirit   .     (no helmet)
rElec  .         Dismiss  .     (no cloak)
rCorr  .         Reflect  .     (no gloves)
MR     .....     Harm     .     (no boots)
Stlth  ++........               (no amulet)
                                (no ring)
                                i - ring of protection from cold

@: very slightly contaminated
A: talons 1, blurry vision 1, MP-powered wands
a: no special abilities


You were on level 5 of the Dungeon.
You were not hungry.

You visited 1 branch of the dungeon, and saw 6 of its levels.

You collected 28 gold pieces.

Inventory:

Hand Weapons
 e - a +0 dagger (weapon)
Armour
 a - a +1 robe (worn)
Jewellery
 i - a ring of protection from cold (left hand)
Potions
 j - a potion of flight
Books
 b - a book of Flames

   Spells                             Type                      Level
   a - Flame Tongue                   Conjuration/Fire             1
   b - Throw Flame                    Conjuration/Fire             2
   c - Conjure Flame                  Conjuration/Fire             3
   d - Inner Flame                    Hexes/Fire                   3
   e - Sticky Flame                   Conjuration/Fire             4
   f - Fireball                       Conjuration/Fire             5
Comestibles
 c - 3 bread rations


   Skills:
 - Level 2.4 Dodging
 - Level 2.4 Stealth
 + Level 3.1 Spellcasting
 * Level 2.5 Conjurations
 * Level 3.9 Fire Magic


You had 7 spell levels left.
You knew the following spells:

 Your Spells              Type           Power        Failure   Level  Hunger
a - Flame Tongue          Conj/Fire      ###..        3%          1    None


Dungeon Overview and Level Annotations

Branches:
Dungeon (6/15)
 Temple: D:4-7

Altars:

Annotations:
D:6 Blork the orc


Innate Abilities, Weirdness & Mutations

You have sharp toenails.
Scrolls take you a little longer to read.
You expend magic power (3 MP) to strengthen your wands.


Message History

The flame tongue hits the centaur.
The centaur is heavily wounded.
The centaur barely misses you.
Casting: Flame Tongue
Confirm with . or Enter, or press ? or * to list all spells.
Aiming: Flame Tongue
Press: ? - help, Shift-Dir - straight line, f/p - centaur
Aim: a centaur (heavily wounded)
The flame tongue hits the centaur.
The centaur appears unharmed.
The centaur is heavily wounded.
The centaur hits you. x2
Casting: Flame Tongue
Confirm with . or Enter, or press ? or * to list all spells.
Aiming: Flame Tongue
Press: ? - help, Shift-Dir - straight line, f/p - centaur
Aim: a centaur (heavily wounded)
The flame tongue hits the centaur.
The centaur is severely wounded.
The centaur hits you!
You die...

##.......## ......
##.....## ##...## #
#####'####### ##.#
#............ .#.
#.###.#.##### .. #
##.#.# .#
####.##....######c#.#
...........#....@...#
####.......#...##.###
#..#..#........#
#.###.........## #.
#..........#
##....###...###
####.# #...# #.#
##### #.#


You could see a centaur.

Vanquished Creatures
  An adder (D:2)
  A shadow imp (D:5)
  An ooze (D:3)
  2 dart slugs
  A leopard gecko (D:1)
  A giant cockroach (D:4)
  2 goblins (D:1)
  A frilled lizard (D:3)
  A kobold (D:2)
  A rat (D:1)
12 creatures vanquished.

Notes
Turn   | Place    | Note
-------+----------+-------------------------------------------
     0 | D:1      | 4thArraOfDagon the Deep Elf Fire Elementalist began the quest for the Orb.
     0 | D:1      | Reached XP level 1. HP: 10/10 MP: 6/6
   105 | D:1      | Reached XP level 2. HP: 15/15 MP: 4/8
   282 | D:5      | Entered Level 5 of the Dungeon
   290 | D:6      | Noticed Blork the orc
   297 | D:5      | Gained mutation: Scrolls take you a little longer to read. [potion of mutation]
   297 | D:5      | Gained mutation: You expend magic power (3 MP) to strengthen your wands. [potion of mutation]
   297 | D:5      | Gained mutation: You have sharp toenails. [potion of mutation]
   383 | D:5      | Noticed a centaur
   384 | D:5      | Reached XP level 3. HP: 19/19 MP: 6/9
   385 | D:5      | RIP
   389 | D:5      | Slain by a centaur

Vault maps used:
D:1:      lightli_arrival_quake
D:2:      first_bread, nicolae_underground_beach
D:3:      uniq_iyjb
D:4:      serial_co_window_serial, co_window_corner_a, co_window_corner_a,
          co_window_paths_b, co_window_paths_a, co_window_cross_1,
          co_window_paths_a, co_window_paths_a, co_window_of_opportunity_c,
          co_window_corner_b, co_window_paths_c, co_window_unsneaky_path_a,
          co_window_broadway_a, co_window_4corner_b, glass_columns_a,
          guppyfry_early_lair_pool
D:5:      uniq_grinder
D:6:      led_sif_book, uniq_blork_the_orc

Skill      XL: |  1  2 |
---------------+-------+-----
Conjurations   | 2 |  2.5
Dodging        | |  2.4
Stealth        | |  2.4
Spellcasting   | |  3.1
Fire Magic     | |  3.9

Action                   || total
-------------------------++-------
 Cast: Flame Tongue      ||    28
  Use: Scroll            ||     5
       Potion            ||     1
Armor: Robe              ||     2
Dodge: Dodged            ||     7
